 Dungeon Crawl Stone Soup version 0.30-a0-322-g102857c98e (webtiles) character file.

Game seed: 8427423022189206665

265330 scionoferis the Spry (level 19, -11/103 HPs)
             Began as a Spriggan Artificer on Oct 26, 2022.
             Was the Champion of Nemelex Xobeh.
             Mangled by an acid blob (34 damage)
             ... on level 4 of the Lair of Beasts on Oct 27, 2022.
             The game lasted 04:29:27 (57100 turns).

scionoferis the Spry (Spriggan Artificer)          Turns: 57100, Time: 04:29:28

Health: -11/103    AC:  5    Str:  9    XL:     19   Next: 30%
Magic:  31/31      EV: 38    Int: 16    God:    Nemelex Xobeh [******]
Gold:   1283       SH: 13    Dex: 30    Spells: 18/18 levels left

rFire   + + .      SeeInvis +    a - +7 long sword of Youthful Indiscretion {flame, rF+ Int+2}
rCold   + + .      Faith    .    L - +3 buckler of Insurance {Drain rC+ Str+4 Stlth+}
rNeg    . . .      Spirit   .    Q - +0 acid dragon scales
rPois   .          Reflect  .    (helmet restricted)
rElec   +          Harm     .    h - +1 cloak {Will+}
rCorr   +          Rampage  .    (gloves unavailable)
Will    ++++.                    (boots unavailable)
Stlth   ++++++++..               u - amulet "Afek" {RegenMP rElec Int-3 Dex+4 Stlth+}
HPRegen 0.37/turn                V - ring of Bukyesch {Fly rF+ rC+ Str-3 Int+3}
MPRegen 0.62/turn                I - ring of Ignis's Esteem {+Blink AC+4 Dex+6}

@: corroded, flying, very quick
A: very small, no large weapons, unfitting armour, see invisible, speed 3, weak
1, noise suppression
}: 2/15 runes: serpentine, barnacled
a: Renounce Religion, Evoke Blink, Draw Escape, Draw Destruction, Draw
Summoning, Draw Stack, Triple Draw, Deal Four, Stack Five


You were on level 4 of the Lair of Beasts.
You worshipped Nemelex Xobeh.
Nemelex Xobeh was exalted by your worship.
You visited 5 branches of the dungeon, and saw 30 of its levels.
You also visited: Ice Cave.

You collected 3014 gold pieces.
You spent 1731 gold pieces at shops.

Inventory:

Hand Weapons
 a - the +7 long sword of Youthful Indiscretion (weapon) {flame, rF+ Int+2}
   (You found it on level 11 of the Dungeon)

   It burns those it strikes, dealing additional fire damage.
   Big, fiery blades are also staple armaments of hydra-hunters.
   Int:       It affects your intelligence (+2).
   rF:        It protects you from fire.
 b - a +1 sling of draining
 d - a +2 rapier of flaming
Missiles
 y - 45 boomerangs
 z - 6 curare-tipped darts
 D - 36 poisoned darts
 R - 10 throwing nets
Armour
 h - a +1 cloak of willpower (worn)
 L - the +3 buckler of Insurance (worn) {Drain rC+ Str+4 Stlth+}
   (You found it on level 10 of the Dungeon)

   Str:       It affects your strength (+4).
   rC:        It protects you from cold.
   Drain:     It drains your maximum health when unequipped.
   Stlth:     It makes you more stealthy.
 Q - +0 acid dragon scales (worn)
Jewellery
 j - the ring "Veesin" {rN+ Dex+6 Slay+3 SInv}
   (You found it on level 4 of the Shoals)

   [ring of dexterity]

   Dex:       It affects your dexterity (+6).
   Slay:      It affects your accuracy & damage with ranged weapons and melee
   (+3).
   rN:        It protects you from negative energy.
   SInv:      It lets you see invisible.
 l - the ring of Wisdom {rPois rC- Dex+9}
   (You bought it in a shop on level 12 of the Dungeon)

   [ring of poison resistance]

   Dex:       It affects your dexterity (+9).
   rC:        It makes you vulnerable to cold.
   rPois:     It protects you from poison.
 r - a ring of willpower
 u - the amulet "Afek" (around neck) {RegenMP rElec Int-3 Dex+4 Stlth+}
   (You found it in an ice cave)

   [amulet of magic regeneration]

   It increases your rate of magic regeneration.
   Int:       It affects your intelligence (-3).
   Dex:       It affects your dexterity (+4).
   rElec:     It insulates you from electricity.
   Stlth:     It makes you more stealthy.
 F - a ring of fire
 G - the ring "Quylaqaheq" {rElec rC+ Dex+6 Stlth+}
   (You bought it in a shop on level 12 of the Dungeon)

   [ring of dexterity]

   Dex:       It affects your dexterity (+6).
   rC:        It protects you from cold.
   rElec:     It insulates you from electricity.
   Stlth:     It makes you more stealthy.
 I - the ring of Ignis's Esteem (right hand) {+Blink AC+4 Dex+6}
   (You found it on level 1 of the Snake Pit)

   [ring of protection]

   AC:        It affects your AC (+4).
   Dex:       It affects your dexterity (+6).
   +Blink:    It lets you blink.
 V - the ring of Bukyesch (left hand) {Fly rF+ rC+ Str-3 Int+3}
   (You found it on level 2 of the Snake Pit)

   [ring of protection from cold]

   Str:       It affects your strength (-3).
   Int:       It affects your intelligence (+3).
   rF:        It protects you from fire.
   rC:        It protects you from cold.
   Fly:       It grants you flight.
Wands
 c - a wand of flame (86) (quivered)
 e - a wand of iceblast (14)
 q - a wand of paralysis (13)
 B - a wand of charming (11)
 M - a wand of digging (8)
Scrolls
 g - 15 scrolls of teleportation
 i - 5 scrolls of blinking
 p - 3 scrolls of summoning
 s - 5 scrolls of magic mapping
 t - 2 scrolls of silence
 v - 8 scrolls of fear
 w - 6 scrolls of vulnerability
 A - 4 scrolls of identify
 N - 4 scrolls of butterflies
 U - 7 scrolls of poison
Potions
 k - 15 potions of curing
 m - 4 potions of haste
 C - 7 potions of heal wounds
 E - 5 potions of resistance
 H - 4 potions of lignification
 J - a potion of cancellation
 P - a potion of magic
 S - 5 potions of might


   Skills:
 + Level 12.8 Fighting
 - Level 11.0(15.1) Short Blades
 - Level 13.0(14.0) Long Blades
 - Level 5.0 Armour
 + Level 18.7 Dodging
 - Level 15.0 Stealth
 + Level 7.7 Shields
 + Level 14.9 Invocations
 - Level 15.0 Evocations


You had 18 spell levels left.
You didn't know any spells.
Your spell library contained the following spells:

 Spells                   Type           Power      Damage    Failure   Level
 Necrotise                Necr           0%         1d4       56%         1
 Sting                    Tmut/Pois      0%         1d3       56%         1
 Poisonous Vapours        Pois/Air       0%         N/A       71%         2
 Scorch                   Fire           0%         2d5       71%         2
 Sublimation of Blood     Necr           0%         N/A       71%         2
 Dazzling Flash           Conj/Hex       0%         N/A       91%         3
 Frozen Ramparts          Ice            0%         1d1       91%         3
 Cause Fear               Hex            0%         N/A       100%        4
 Dispel Undead            Necr           0%         3d6       100%        4
 Flame Wave               Conj/Fire      0%         2d4       100%        4
 Ice Form                 Ice/Tmut       0%         N/A       100%        4
 Manifold Assault         Tloc           0%         N/A       100%        4
 Olgreb's Toxic Radiance  Pois           0%         N/A       100%        4
 Petrify                  Tmut/Erth      0%         N/A       100%        4
 Summon Ice Beast         Ice/Summ       0%         N/A       100%        4
 Agony                    Necr           0%         N/A       100%        5
 Alistair's Intoxication  Tmut/Pois      0%         N/A       100%        5
 Borgnjor's Vile Clutch   Necr/Erth      0%         N/A       100%        5
 Irradiate                Conj/Tmut      0%         3d11      100%        5
 Iskenderun's Battlesphe  Conj           0%         2d6       100%        5
 Silence                  Hex/Air        0%         N/A       100%        5
 Summon Forest            Summ/Tloc      0%         N/A       100%        5
 Dispersal                Tloc           0%         N/A       100%        6
 Eringya's Noxious Bog    Tmut/Pois      0%         N/A       100%        6
 Iron Shot                Conj/Erth      0%         9d1       100%        6
 Summon Cactus Giant      Summ           0%         N/A       100%        6
 Dragon Form              Tmut           0%         N/A       100%        7
 Spellforged Servitor     Conj/Summ      0%         N/A       100%        7
 Summon Hydra             Summ           0%         N/A       100%        7
 Disjunction              Tloc           0%         N/A       100%        8
 Dragon's Call            Summ           0%         N/A       100%        9


Dungeon Overview and Level Annotations

Branches:
Dungeon (15/15)            Temple (0/1) D:4            Lair (5/5) D:9
 Shoals (4/4) Lair:3        Snake (4/4) Lair:2        Slime (0/5) Lair:4
    Orc (2/2) D:11            Elf (0/3) Orc:2        Vaults (0/5) D:13
 Depths (0/4) D:15          IceCv (visited)

Altars:
Ashenzari
Cheibriados
Makhleb
Nemelex Xobeh
Qazlal
Sif Muna
Trog
Uskayaw
The Shining One
Jiyva

Shops:
D:10 [   D:12 =   Orc:2 =[:*(   Shoals:1 *   Snake:1 !(   Snake:2 =

Annotations:
Lair:5 exclusion: obsidian statue
Snake:4 3 runed translucent doors, Jiafu's ghost, adept DsIE; SmokeWeed's ghost, adept DsGl; Taurus's ghost, adept MiFi; Zonian's ghost, adept DjIE


Innate Abilities, Weirdness & Mutations

You are very small and have problems with some larger weapons.
You are too small for most types of armour.
You have supernaturally acute eyesight. (SInv)
You cover ground extremely quickly. (Speed+++)
You are weak. (Str -2)
You passively dampen the noise of your surroundings.


Message History

The acid blob completely misses you.
You hit the acid blob. You burn the acid blob.
Your hands burn!
The acid blob is lightly wounded.
The acid blob spits acid at you. The splash of acid hits you! You resist.
The acid blob completely misses you.
You slash the acid blob! You burn the acid blob.
Your hands burn!
The acid blob is moderately wounded.
The acid blob barely misses you. You block the acid blob's attack.
You slice the acid blob!! You burn the acid blob.
Your hands burn!
The acid blob is heavily wounded.
The acid blob spits acid at you.
The splash of acid hits you but does no damage.
The acid blob hits you but does no damage.
You slice the acid blob!! You burn the acid blob.
Your hands burn!
The acid blob is almost dead.
The acid blob spits acid at you. The splash of acid hits you! You resist.
The acid corrodes you! You block the acid blob's attack.
You slash the acid blob! You burn the acid blob.
Your hands burn!
The acid blob is almost dead.
You block the acid blob's attack. The acid blob spits acid at you.
You block the splash of acid.
You hit the acid blob but do no damage.
Your hands burn!
The acid blob is almost dead.
The acid blob hits you but does no damage.
You hit the acid blob but do no damage.
Your hands burn!
The acid blob is almost dead.
The acid blob hits you!!
* * * LOW HITPOINT WARNING * * *
You are splashed with acid.
You resist.
* * * LOW HITPOINT WARNING * * *
The acid blob spits acid at you. You block the splash of acid.
You barely miss the acid blob.
The acid blob is almost dead.
The acid blob spits acid at you. You block the splash of acid.
The acid blob hits you!!
You die...
Your body glows with a rainbow of weird colours and disappears.

.#.♣.♣.♣..'....#............##
.#♣♣.♣♣.♣♣#....#.............###
.#..♣♣..♣♣#....#.....<......##.#
♣#♣.♣.♣♣..######.#.............#
♣#..♣♣.♣.♣### #..##..........÷##
♣#♣♣.♣♣.♣.♣.♣♣ ♣..............#.#
♣ ♣♣.♣♣♣♣.♣.♣♣♣..............###
♣♣.♣ ♣♣.♣.♣...............###
♣♣♣♣♣ ♣.♣♣♣♣.@...............#
##.#♣ ♣♣♣ #..JJ.............##
♣#...# #..................#
##...#########.................P#
##...#.##.##............#####..##
#........##............##.>.#..##
........................#..J#...#
..........>.............#J_.#...#
..#...##................##'##...#


You could see 2 acid blobs.

Vanquished Creatures
  Mara (Snake:3)
  Vashnia (Snake:4)
  Saint Roka (Snake:3)
  A golden dragon (IceCv)
  Jorgrun (D:13)
  Polyphemus (Shoals:2)
  Frances (Shoals:2)
  A kraken (Shoals:4)
  Donald (Snake:3)
  4 nagarajas
  Aizul (Snake:3)
  An orc warlord (Orc:2)
  2 very ugly things (D:15)
  A broodmother (Lair:5)
  An ironbound preserver (D:13)
  Nessos (Lair:4)
  4 dire elephants (Lair:5)
  Azrael (D:12)
  7 merfolk javelineers
  A great orb of eyes (D:15)
  8 merfolk impalers
  5 ice dragons (IceCv)
  5 salamander tyrants
  An ogre mage (D:15)
  3 catoblepae
  7 centaur warriors
  7 hydras
  2 merfolk avatars (Shoals:4)
  9 two-headed ogres
  22 anacondas
  2 alligator snapping turtles (Shoals:4)
  4 satyrs
  10 death yaks
  2 merfolk aquamancers
  3 boulder beetles
  3 tengu warriors
  17 naga warriors
  Urug (Lair:4)
  13 shock serpents
  An orc high priest (Orc:2)
  13 naga sharpshooters
  Nergalle (D:10)
  Amaemon (Lair:2)
  6 salamander mystics
  A spectral anaconda (Lair:5)
  3 skeletal warriors (D:12)
  14 sea snakes
  8 naga ritualists
  A swamp dragon (Lair:5)
  A wizard (D:15)
  The ghost of Lambsauce the Cleaver, a novice MiFi (D:7)
  An orange crystal statue (IceCv)
  5 lindwurms
  4 necromancers (Lair:5)
  Pikel (D:7)
  12 harpies
  6 deep elf pyromancers
  21 mana vipers
  3 orc knights (Orc:2)
  3 wolf spiders (D:12)
  16 fauns
  4 orc sorcerers (Orc:2)
  2 oklob plants (Shoals:4)
  8 ugly things
  10 manticores
  10 cyclopes
  2 dire elephant zombies (Lair:5)
  45 black mambas
  20 salamanders
  13 guardian serpents
  20 naga magi
  10 merfolk sirens
  11 elephants
  18 cane toads
  A gargoyle (D:12)
  7 water nymphs
  2 rime drakes
  An orange demon (Lair:2)
  4 kobold demonologists
  An unseen horror (D:12)
  2 yaktaurs (Lair:5)
  6 storm dragon simulacra (IceCv)
  6 komodo dragons
  A tengu conjurer (Shoals:3)
  4 trolls
  21 merfolk
  4 golden dragon simulacra (IceCv)
  2 polar bears
  7 wind drakes
  18 blink frogs
  5 hornets
  12 slime creatures
  11 dream sheep
  3 snapping turtles
  A tyrant leech (Lair:5)
  A slime creature (shapeshifter) (D:15)
  A jumping spider (Snake:4)
  A culicivora (Snake:4)
  A spriggan (shapeshifter) (D:15)
  6 water elementals
  2 shadows
  A vampire (D:11)
  33 yaks
  A spriggan (Snake:4)
  4 wraiths
  4 wyverns
  A fire elemental (D:12)
  5 redbacks (D:12)
  2 death yak simulacra (Lair:5)
  A steam dragon (D:7)
  9 vampire mosquitoes
  A basilisk (Lair:5)
  A spectral cane toad (Lair:5)
  7 wargs
  56 nagas
  A floating eye (D:8)
  7 hell hounds (D:12)
  4 acid dragons
  Duvessa (D:5)
  18 water moccasins
  34 orc warriors
  A sky beast (D:7)
  2 ice beasts
  3 ice dragon simulacra (IceCv)
  9 ogres
  2 black bears
  42 wolves
  11 centaurs
  2 elephant skeletons (Lair:5)
  5 kobold brigands
  2 lemures (D:7)
  20 bullfrogs
  5 necrophages
  3 scorpions
  A gnoll sergeant (D:7)
  A cane toad simulacrum (Lair:5)
  19 wights
  Dowan (D:5)
  13 killer bees
  6 lindwurm simulacra (IceCv)
  6 howler monkeys
  30 orc priests
  2 hounds
  4 jellies
  Crazy Yiuf (D:2)
  2 iguanas
  17 orc wizards
  4 hell rats (D:9)
  3 gnolls (Orc:2)
  14 adders
  A white imp (D:5)
  A worm (D:4)
  A dart slug (D:5)
  84 orcs
  9 bats
  4 endoplasms
  5 giant cockroaches
  6 hobgoblins
  2 jackals (D:4)
  15 kobolds
  10 quokkas
  6 ball pythons
  2 frilled lizards
  9 goblins
  A rat (D:1)
  A tentacle (Shoals:4)
1163 creatures vanquished.

Vanquished Creatures (collateral kills)
  An anaconda (Snake:4)
  A merfolk aquamancer (Shoals:4)
  2 naga warriors (Snake:3)
  A death yak (Shoals:2)
  A sea snake (Shoals:4)
  A harpy (Shoals:4)
  An elephant (Lair:2)
  A storm dragon simulacrum (IceCv)
  A basilisk (Lair:2)
  An ice dragon simulacrum (IceCv)
  A phantom (D:5)
  An iguana (D:5)
13 creatures vanquished.

Vanquished Creatures (others)
  A shock serpent (Snake:4)
  2 harpies (Shoals:4)
  An elephant (Lair:5)
  25 fungi
  102 plants
  15 tentacles (Shoals:4)
  33 withered plants
179 creatures vanquished.

Grand Total: 1355 creatures vanquished

Notes
Turn   | Place    | Note
-------+----------+-------------------------------------------
     0 | D:1      | scionoferis the Spriggan Artificer began the quest for the
                  | Orb.
     0 | D:1      | Reached XP level 1. HP: 9/9 MP: 2/2
   277 | D:1      | Reached skill level 1 in Fighting
   454 | D:1      | Reached XP level 2. HP: 11/14 MP: 3/3
   759 | D:1      | Reached skill level 1 in Short Blades
  1160 | D:2      | Reached XP level 3. HP: 18/18 MP: 4/4
  1592 | D:2      | Found a runed translucent door.
  1593 | D:2      | Noticed Crazy Yiuf
  1735 | D:2      | Killed Crazy Yiuf
  1736 | D:2      | Reached XP level 4. HP: 22/22 MP: 5/5
  1947 | D:3      | Reached skill level 5 in Evocations
  2045 | D:3      | Noticed a scorpion
  2082 | D:3      | Killed a scorpion
  2083 | D:3      | Reached skill level 4 in Dodging
  2083 | D:3      | Reached XP level 5. HP: 26/26 MP: 6/6
  2398 | D:3      | Found a sparkling altar of Nemelex Xobeh.
  2403 | D:3      | Became a worshipper of Nemelex Xobeh the Trickster
  2479 | D:4      | Noticed an ogre
  2560 | D:4      | Reached XP level 6. HP: 31/31 MP: 7/7
  2738 | D:4      | Found a broken altar of Ashenzari.
  2773 | D:4      | Found a staircase to the Ecumenical Temple.
  2892 | D:4      | Reached skill level 1 in Invocations
  2964 | D:4      | Reached XP level 7. HP: 35/35 MP: 8/8
  3004 | D:4      | Reached * piety under Nemelex Xobeh
  3419 | D:5      | Entered Level 5 of the Dungeon
  3475 | D:5      | Received a gift from Nemelex Xobeh
  3496 | D:4      | Reached skill level 5 in Dodging
  3876 | D:5      | Reached skill level 5 in Stealth
  4177 | D:5      | Reached XP level 8. HP: 40/42 MP: 10/10
  4198 | D:5      | Reached skill level 5 in Short Blades
  4439 | D:5      | Found a burning altar of Makhleb.
  4447 | D:5      | Found a bloodstained altar of Trog.
  4593 | D:5      | Noticed Dowan
  4683 | D:5      | Noticed Duvessa
  4765 | D:5      | Killed Duvessa
  4766 | D:5      | Reached skill level 6 in Dodging
  4845 | D:5      | Killed Dowan
  4948 | D:5      | Received a gift from Nemelex Xobeh
  5393 | D:5      | Reached ** piety under Nemelex Xobeh
  5677 | D:6      | Found a glowing golden altar of the Shining One.
  5868 | D:6      | Reached XP level 9. HP: 44/46 MP: 13/13
  6047 | D:6      | Reached skill level 5 in Fighting
  6203 | D:6      | Found a shimmering blue altar of Sif Muna.
  6630 | D:7      | Noticed Pikel
  6657 | D:7      | Killed Pikel
  6658 | D:7      | Reached skill level 1 in Long Blades
  6658 | D:7      | Reached skill level 7 in Dodging
  6658 | D:7      | Reached skill level 5 in Invocations
  6796 | D:7      | You fall into a shaft and drop 3 floors!
  6796 | D:10     | Entered Level 10 of the Dungeon
  6796 | D:10     | Received a gift from Nemelex Xobeh
  6798 | D:10     | Identified the +3 buckler of Insurance {Drain rC+ Str+4
                  | Stlth+}
  6820 | D:9      | Reached *** piety under Nemelex Xobeh
  7395 | D:7      | Reached skill level 1 in Shields
  7615 | D:7      | Found a runed translucent gate.
  7615 | D:7      | Found a runed translucent gate.
  7618 | D:7      | Found a runed translucent gate.
  7621 | D:7      | Noticed Lambsauce's ghost (novice MiFi)
  7630 | D:7      | Killed Lambsauce's ghost
  7631 | D:7      | Reached XP level 10. HP: 53/53 MP: 15/15
  8354 | D:7      | Received a gift from Nemelex Xobeh
  8489 | D:7      | Gained mutation: You are weak. (Str -2) [potion of
                  | mutation]
  8489 | D:7      | Gained mutation: You passively dampen the noise of your
                  | surroundings. [potion of mutation]
  8529 | D:8      | Reached skill level 8 in Dodging
  9147 | D:8      | Noticed a two-headed ogre
  9270 | D:8      | Killed a two-headed ogre
  9517 | D:9      | Noticed a two-headed ogre
  9521 | D:9      | Killed a two-headed ogre
  9535 | D:9      | Noticed a two-headed ogre
  9537 | D:9      | Noticed a two-headed ogre
  9592 | D:8      | Reached skill level 9 in Dodging
  9765 | D:9      | Received a gift from Nemelex Xobeh
  9777 | D:9      | Reached XP level 11. HP: 58/58 MP: 17/17
  9947 | D:9      | a two-headed ogre changed into a floating eye
  9951 | D:9      | Paralysed by a floating eye for 3 turns
  9957 | D:8      | Paralysed by a floating eye for 4 turns
 10221 | D:9      | Found a staircase to the Lair.
 10239 | D:9      | Noticed a death yak
 10241 | D:9      | Noticed a death yak
 10241 | D:9      | Noticed a death yak
 10297 | D:9      | Killed a death yak
 10466 | D:9      | Reached **** piety under Nemelex Xobeh
 10590 | D:9      | Killed a two-headed ogre
 11161 | D:9      | a death yak changed into a catoblepas
 11161 | D:9      | Noticed a catoblepas
 11166 | D:9      | Killed a death yak
 11166 | D:9      | Killed a catoblepas
 11167 | D:9      | Reached skill level 10 in Dodging
 11595 | D:10     | Noticed Nergalle
 11616 | D:10     | Killed Nergalle
 11621 | D:10     | Received a gift from Nemelex Xobeh
 12135 | D:10     | Found Cekk's Armour Emporium.
 12667 | D:10     | Reached skill level 5 in Long Blades
 12745 | D:10     | Found a hide-covered altar of Uskayaw.
 12876 | D:11     | Identified the +7 long sword of Youthful Indiscretion
                  | {flame, rF+ Int+2}
 13171 | D:11     | Reached XP level 12. HP: 63/63 MP: 19/19
 13461 | D:11     | Found a staircase to the Orcish Mines.
 14021 | D:11     | Noticed a two-headed ogre
 14030 | D:11     | Killed a two-headed ogre
 14141 | D:12     | Received a gift from Nemelex Xobeh
 14187 | D:12     | Noticed a two-headed ogre
 14203 | D:12     | Killed a two-headed ogre
 14288 | D:12     | Found Leng's Jewellery Boutique.
 14415 | D:12     | Noticed Azrael
 14485 | D:12     | Found a runed translucent door.
 14489 | D:12     | Found a runed translucent gate.
 14490 | D:12     | Found a runed translucent gate.
 14492 | D:12     | Found the +9 staff of Olgreb {rPois∞}
 14535 | D:12     | Found a runed translucent door.
 14558 | D:12     | Found a runed translucent gate.
 15045 | D:12     | Reached skill level 1 in Armour
 15045 | D:12     | Reached skill level 11 in Dodging
 15106 | D:12     | Reached ***** piety under Nemelex Xobeh
 15253 | Lair:1   | Entered Level 1 of the Lair of Beasts
 15253 | Lair:1   | Received a gift from Nemelex Xobeh
 16319 | Lair:1   | Reached skill level 10 in Stealth
 16397 | D:9      | Reached skill level 5 in Shields
 16787 | Lair:1   | Identified the +1 ring mail "Testaano" {+Blink rF- rC+++
                  | Int+4}
 17085 | Lair:1   | Reached XP level 13. HP: 68/68 MP: 21/21
 17362 | Lair:1   | Received a gift from Nemelex Xobeh
 18581 | Lair:2   | Noticed Amaemon
 18835 | Lair:2   | Received a gift from Nemelex Xobeh
 19178 | Lair:2   | Killed Amaemon
 19751 | Lair:2   | Received a gift from Nemelex Xobeh
 19880 | Lair:2   | Found a staircase to the Snake Pit.
 20412 | Lair:3   | Received a gift from Nemelex Xobeh
 20480 | Lair:3   | Found a staircase to the Shoals.
 20561 | Lair:3   | Reached skill level 12 in Dodging
 20935 | Lair:3   | Received a gift from Nemelex Xobeh
 21037 | Lair:3   | Reached ****** piety under Nemelex Xobeh
 21356 | Lair:4   | Received a gift from Nemelex Xobeh
 21571 | Lair:4   | Received a gift from Nemelex Xobeh
 21719 | Lair:4   | Noticed Nessos
 21756 | Lair:4   | Killed Nessos
 21757 | Lair:4   | Reached skill level 10 in Invocations
 21837 | Lair:4   | Received a gift from Nemelex Xobeh
 22172 | Lair:4   | Found a runed translucent door.
 22172 | Lair:4   | Found a viscous altar of Jiyva.
 22172 | Lair:4   | Noticed an acid blob
 22174 | Lair:4   | Found a staircase to the Slime Pits.
 22174 | Lair:4   | Noticed an acid blob
 22174 | Lair:4   | Noticed an acid blob
 22731 | Lair:4   | Noticed Urug
 22738 | Lair:4   | Killed Urug
 23008 | Lair:5   | Entered Level 5 of the Lair of Beasts
 23015 | Lair:5   | Received a gift from Nemelex Xobeh
 23354 | Lair:5   | Noticed a dire elephant
 23354 | Lair:5   | Noticed a dire elephant
 23674 | Lair:5   | Received a gift from Nemelex Xobeh
 23751 | Lair:5   | Reached XP level 14. HP: 62/74 MP: 22/22
 24496 | Lair:5   | a death yak changed into a broodmother
 24496 | Lair:5   | Noticed a broodmother
 24498 | Lair:5   | Killed a broodmother
 25117 | Lair:5   | a dire elephant changed into an emperor scorpion
 25117 | Lair:5   | Noticed an emperor scorpion
 25117 | Lair:5   | a death yak changed into a ghost moth
 25117 | Lair:5   | Noticed a ghost moth
 25119 | Lair:5   | an emperor scorpion changed into a yaktaur
 25119 | Lair:5   | a ghost moth changed into a swamp dragon
 26812 | Lair:5   | Reached skill level 13 in Dodging
 27513 | Orc:1    | Entered Level 1 of the Orcish Mines
 28075 | Orc:2    | Entered Level 2 of the Orcish Mines
 28075 | Orc:2    | Received a gift from Nemelex Xobeh
 28685 | Orc:2    | Received a gift from Nemelex Xobeh
 28700 | Orc:2    | Found a staircase to the Elven Halls.
 29208 | Orc:2    | Noticed an orc warlord
 29245 | Orc:2    | Killed an orc warlord
 29778 | Orc:2    | Found Doarenab's Book Boutique.
 30131 | Orc:2    | Reached XP level 15. HP: 67/76 MP: 24/24
 30291 | Orc:2    | Found Aleof's Jewellery Shop.
 30343 | Orc:2    | Found Ytam's General Store.
 30350 | Orc:2    | Bought a scroll of identify for 34 gold pieces
 30366 | Orc:2    | Found Quoninya's Antique Weapon Boutique.
 30381 | Orc:2    | Found Fiutz's Antique Armour Boutique.
 30389 | Orc:2    | Bought a runed cloak for 277 gold pieces
 30418 | Orc:2    | Found a bloodstained altar of Trog.
 30697 | Orc:2    | Bought a glowing rapier for 252 gold pieces
 31084 | D:12     | Reached skill level 10 in Evocations
 31484 | D:12     | Killed Azrael
 31729 | D:12     | Bought the ring of Wisdom {rPois rC- Dex+9} for 427 gold
                  | pieces
 31729 | D:12     | Bought the ring "Quylaqaheq" {rElec rC+ Dex+6 Stlth+} for
                  | 657 gold pieces
 31882 | Snake:1  | Entered Level 1 of the Snake Pit
 32086 | Snake:1  | Received a gift from Nemelex Xobeh
 32159 | Snake:1  | Found Suamiqun's Distillery.
 32160 | Snake:1  | Identified the ring of Ignis's Esteem {+Blink AC+4 Dex+6}
 32195 | Snake:1  | Noticed a nagaraja
 32213 | Snake:1  | Killed a nagaraja
 32403 | Snake:1  | Found Iregi's Antique Weapon Shop.
 32462 | Snake:1  | Bought a potion of degeneration for 12 gold pieces
 32604 | Snake:1  | Reached skill level 5 in Armour
 32967 | Snake:2  | Found a frozen archway.
 32978 | Snake:2  | Received a gift from Nemelex Xobeh
 33041 | IceCv    | Entered an ice cave
 33370 | IceCv    | Reached skill level 14 in Dodging
 33780 | IceCv    | Got the Precepts of the Crypt
 33810 | IceCv    | Noticed a golden dragon
 34062 | IceCv    | Reached skill level 10 in Short Blades
 34269 | IceCv    | Reached skill level 10 in Long Blades
 35137 | IceCv    | Killed a golden dragon
 35279 | IceCv    | Identified the amulet "Peloecs" {RegenMP Str+4 Dex+3}
 35289 | IceCv    | Identified the amulet "Afek" {RegenMP rElec Int-3 Dex+4
                  | Stlth+}
 35578 | Snake:2  | Identified the ring of Bukyesch {Fly rF+ rC+ Str-3 Int+3}
 36030 | Snake:2  | Found Sahen's Jewellery Shop.
 36090 | Snake:2  | Reached XP level 16. HP: 79/85 MP: 25/25
 36212 | Snake:2  | Reached skill level 10 in Fighting
 36580 | Snake:3  | Noticed Donald
 36589 | Snake:3  | Killed Donald
 36872 | Snake:3  | Reached skill level 15 in Stealth
 37342 | Snake:3  | Noticed Saint Roka
 37609 | Snake:3  | Killed Saint Roka
 37865 | Snake:3  | Reached skill level 15 in Dodging
 37865 | Snake:3  | Upgraded the game from 0.30-a0-313-gae38170b09 to
                  | 0.30-a0-322-g102857c98e
 37918 | Snake:3  | Identified the +0 ring mail "Fyguoh" {rN+ Will+}
 37929 | Snake:3  | Received a gift from Nemelex Xobeh
 38084 | Snake:3  | Noticed Mara
 38189 | Snake:3  | Noticed scionoferis's illusion
 38190 | Snake:3  | Killed Mara
 38806 | Snake:3  | Noticed Aizul
 38809 | Snake:3  | Killed Aizul
 39134 | Snake:4  | Entered Level 4 of the Snake Pit
 39167 | Snake:4  | Received a gift from Nemelex Xobeh
 39651 | Snake:4  | Reached XP level 17. HP: 90/90 MP: 27/27
 39984 | Snake:4  | HP: 3/90 [salamander tyrant (40)]
 40286 | Snake:4  | Received a gift from Nemelex Xobeh
 40293 | Snake:4  | Found a runed translucent gate.
 40294 | Snake:4  | Found a runed translucent gate.
 40295 | Snake:4  | Found a runed translucent gate.
 40296 | Snake:4  | Noticed Taurus's ghost (adept MiFi)
 40296 | Snake:4  | Noticed SmokeWeed's ghost (adept DsGl)
 40296 | Snake:4  | Noticed Jiafu's ghost (adept DsIE)
 40297 | Snake:4  | Noticed Zonian's ghost (adept DjIE)
 40331 | Snake:4  | Noticed Vashnia
 40932 | Snake:4  | Killed Vashnia
 40933 | Snake:4  | Reached skill level 16 in Dodging
 41299 | Snake:4  | Found a stormy altar of Qazlal.
 43597 | Snake:4  | Got a serpentine rune of Zot
 44328 | Snake:1  | Bought a potion of flight for 36 gold pieces
 44328 | Snake:1  | Bought a potion of lignification for 36 gold pieces
 44527 | Shoals:1 | Entered Level 1 of the Shoals
 44558 | Shoals:1 | Received a gift from Nemelex Xobeh
 44697 | Shoals:1 | You are sucked into a shaft and drop 1 floor!
 44754 | Shoals:2 | Noticed Frances
 44793 | Shoals:2 | Killed Frances
 44901 | Shoals:1 | Reached XP level 18. HP: 80/96 MP: 29/29
 45522 | Shoals:1 | Found Meah's Gadget Gallery.
 45731 | Shoals:2 | Noticed Polyphemus
 46274 | Shoals:2 | Received a gift from Nemelex Xobeh
 46520 | Shoals:2 | Identified the +1 ring mail of Quaporuach {Stlth+}
 47062 | Shoals:2 | Reached skill level 17 in Dodging
 47537 | Shoals:2 | Killed Polyphemus
 48212 | Shoals:3 | Received a gift from Nemelex Xobeh
 49200 | Shoals:3 | Identified the +5 helmet of Negligence {rPois rC+}
 49293 | Shoals:3 | Reached skill level 15 in Evocations
 50384 | Shoals:4 | Entered Level 4 of the Shoals
 51036 | Shoals:4 | Found the +10 morningstar "Eos" {elec, Halo rElec}
 51734 | Shoals:4 | Received a gift from Nemelex Xobeh
 52137 | Shoals:4 | Got a barnacled rune of Zot
 52465 | Shoals:4 | Identified the ring "Veesin" {rN+ Dex+6 Slay+3 SInv}
 52827 | Shoals:4 | Reached skill level 18 in Dodging
 54497 | D:13     | Received a gift from Nemelex Xobeh
 54661 | D:13     | Received a gift from Nemelex Xobeh
 54773 | D:13     | Received a gift from Nemelex Xobeh
 54954 | D:13     | Found a gate to the Vaults.
 54971 | D:13     | Reached XP level 19. HP: 92/102 MP: 30/30
 55012 | D:13     | Noticed Jorgrun
 55016 | D:13     | Killed Jorgrun
 55122 | D:13     | Received a gift from Nemelex Xobeh
 55509 | D:14     | Received a gift from Nemelex Xobeh
 55774 | D:14     | Found a sparkling altar of Nemelex Xobeh.
 55821 | D:15     | Entered Level 15 of the Dungeon
 55855 | D:15     | Received a gift from Nemelex Xobeh
 55914 | D:15     | Identified the +4 executioner's axe of Ulecos {antimagic,
                  | rElec rPois Int-4 Dex+7}
 55987 | D:15     | Found a snail-covered altar of Cheibriados.
 56328 | D:15     | Found a staircase to the Depths.
 56467 | D:15     | Found a broken altar of Ashenzari.
 56651 | D:15     | Identified the +0 scale mail of Tarashre {rElec}
 57100 | Lair:4   | Mangled by an acid blob

Illustrated notes

Levels and vault maps discovered:
D:1:      dpeg_arrival_rhombi, layout_loops_corners, minmay_pentomino_u2
D:2:      layout_basic, uniq_crazy_yiuf_cottage
D:3:      layout_basic, lemuel_doored_altar
D:4:      cheibrodos_helix_gallery, layout_basic, lemuel_round_altar,
          minmay_temple_entry_drinking_statues, serial_co_window_serial,
          co_window_cross_1, co_window_corner_a, co_window_paths_a,
          co_window_paths_a, co_window_paths_b, co_window_unsneaky_path_d,
          co_window_broadway_c, co_window_paths_c, co_window_corner_ca,
          co_window_paths_e, glass_columns_c, glass_columns_c, glass_columns_c,
          glass_columns_b, glass_columns_b, serial_bayou_pond_b
D:5:      cheibrodos_fzero, layout_basic, mainiacjoe_overflow_catwalk_spiral,
          uniq_duvessa
D:6:      layout_loops_ring, tso_metal_star, mainiacjoe_overflow_surrounded_room
D:7:      layout_loops_ring, serial_co_window_serial, co_window_corner_a,
          co_window_paths_a, co_window_paths_a, co_window_corner_a,
          co_window_paths_b, co_window_paths_a, co_window_paths_a,
          co_window_2corner, co_window_broadway_b, co_window_unsneaky_path_e,
          co_window_2corner, co_window_4corner_b, ebering_ghost_rock_garden,
          minmay_crossroads, uniq_pikel
D:8:      layout_basic
D:9:      layout_irregular_city, dpeg_lair_monsters, minmay_door_square,
          grunt_ministairs_9, minmay_fractal_squares_5
D:10:     layout_basic, nicolae_uskayaw_suspiria, serial_shops, shop_fountains,
          uniq_nergalle
D:11:     wad_crossroads, layout_basic, david_orc_2
D:12:     layout_irregular_city, serial_shops, shop,
          minmay_guarded_unrand_staff_of_olgreb, uniq_azrael
D:13:     nrook_guardian_serpent_snake_passage, layout_long_grid,
          skrybe_vaults_entry_preservation, uniq_jorgrun
D:14:     layout_roguey, nemelex_diamond_rough_becter
D:15:     gammafunk_enter_depths_forms, layout_rooms,
          ashenzari_conservatory_becter, cheibriados_altar_1
Lair:1:   layout_long_grid, wad_woods_road_06, beast_lair_carwin_7
Lair:2:   layout_regular_city, guppyfry_snake_entry_island, grunt_megastairs_5,
          uniq_amaemon
Lair:3:   layout_cave_pods, elwin_shoals_entry_rooms
Lair:4:   wad_woods_structure_01, layout_layer_cave, slime_entry_2, uniq_urug,
          uniq_nessos
Lair:5:   due_jungle_book, layout_gridlike
Shoals:1: layout_shoals, nicolae_shop_gadgets
Shoals:2: layout_shoals, nicolae_shoals_lost_giant_hut, uniq_frances,
          uniq_polyphemus
Shoals:3: layout_shoals, kb_tengu_band
Shoals:4: shoals_end_hangedman, layout_shoals, nicolae_shoals_this_corrosion
Snake:1:  layout_cave_shapes, minmay_shoptagon, grunt_megastairs_2,
          serial_bayou_shore_b
Snake:2:  layout_rooms, serial_shops, nicolae_shop_crystal,
          portal_ice_cave_entry_pillars_1
Snake:3:  layout_gridlike, st_stairs_10, uniq_donald, uniq_mara,
          uniq_saint_roka, uniq_aizul
Snake:4:  snake_pit_salamanders_mu, layout_onion, basic_altar,
          gammafunk_ghost_cemetery, nicolae_snake_slithery_hallway, st_stairs_5,
          uniq_vashnia
Orc:1:    layout_caves
Orc:2:    grunt_orc_cross, layout_diamond_mine, serial_shops, shop, basic_altar,
          david_defended_altar_orc

Skill      XL: |  1  2  3  4  5  6  7  8  9 10 11 12 13 14 15 16 17 18 |
---------------+-------------------------------------------------------+-----
Fighting       | 1 2 3 4 5 6 7 8 9 10 11 12 | 12.8
Short Blades   | 1 2 3 4 6 7 8 9 10 11 | 11.0
Stealth        | 2 3 4 5 6 8 10 11 13 14 15 | 15.0
Evocations     | 5 6 8 9 11 12 14 15 | 15.0
Dodging        | 4 5 6 7 9 10 11 12 13 14 15 16 18 | 18.7
Invocations    | 1 2 4 5 6 8 9 10 11 12 13 14 | 14.9
Long Blades    | 2 3 5 6 8 9 10 11 12 13 | 13.0
Shields        | 1 3 4 5 6 7 |  7.7
Armour         | 2 3 4 5 |  5.0

Action                   |  1- 3 |  4- 6 |  7- 9 | 10-12 | 13-15 | 16-18 | 19-21 || total
-------------------------+-------+-------+-------+-------+-------+-------+-------++-------
Melee: Dagger            |    80 |    46 |   260 |   701 |   434 |       |       ||  1521
       Club              |     2 |       |       |       |       |       |       ||     2
       Punch             |     1 |       |     7 |       |       |       |       ||     8
       Long sword        |       |       |       |    38 |  1044 |  1449 |   166 ||  2697
       Rapier            |       |       |       |       |    61 |   183 |    25 ||   269
 Fire: Sling             |    46 |    79 |   193 |   451 |   666 |   349 |    15 ||  1799
Throw: Dart              |       |       |       |     4 |    23 |     9 |       ||    36
       Throwing net      |       |       |       |       |       |     3 |       ||     3
Invok: Draw Destruction  |       |       |     7 |    27 |    32 |     6 |       ||    72
       Draw Summoning    |       |       |     1 |     1 |     6 |     4 |       ||    12
       Stack Five        |       |       |       |       |     1 |     1 |       ||     2
       Deal Four         |       |       |       |       |     2 |       |       ||     2
       Draw Escape       |       |       |       |       |     1 |     1 |       ||     2
       Draw Stack        |       |       |       |       |       |     4 |       ||     4
 Abil: Evoke Blink       |       |       |       |       |       |     3 |       ||     3
Evoke: Wand              |       |       |     2 |     3 |    18 |    41 |       ||    64
  Use: Scroll            |       |       |     6 |     6 |     9 |     6 |       ||    27
       Potion            |       |       |       |     2 |     3 |     4 |       ||     9
 Stab: Sleeping          |     2 |     1 |     6 |    34 |    80 |    82 |    18 ||   223
       Distracted        |       |       |     1 |     1 |     5 |    17 |     1 ||    25
       Petrified         |       |       |       |       |     4 |     2 |       ||     6
       Paralysed         |       |       |       |       |     4 |     1 |       ||     5
       Held in net/web   |       |       |       |       |       |     4 |       ||     4
Armor: Robe              |    15 |     2 |    18 |    17 |       |       |       ||    52
       Acid dragon scale |       |       |       |    22 |   114 |    84 |    10 ||   230
Dodge: Dodged            |    73 |    31 |   181 |   426 |   955 |  1144 |   102 ||  2912
Block: Buckler           |       |       |    13 |   311 |   661 |   891 |    91 ||  1967

Table legend: (Time is in decaauts)
 A = Elapsed time spent in this place.
 B = Non-inter-level travel time spent in this place.
 C = Inter-level travel time spent in this place.
 D = Time resting spent in this place.
 E = Time spent auto-exploring this place.
 F = Levels seen in this place.
 G = Mean time per level.
                   A        B        C        D        E       F      G
               +--------+--------+--------+--------+--------+-----+--------+
         Total |  43820 |  41386 |   2434 |  13520 |  11610 |  31 | 1413.5 |
       Dungeon |  15103 |  14011 |   1092 |   2880 |   5929 |  15 | 1006.9 |
          Lair |   8735 |   7889 |    846 |   1867 |   2767 |   5 | 1747.0 |
        Shoals |   7616 |   7361 |    255 |   3921 |   1016 |   4 | 1904.0 |
     Snake Pit |   7811 |   7623 |    188 |   3117 |   1234 |   4 | 1952.8 |
  Orcish Mines |   2619 |   2567 |     52 |    837 |    631 |   2 | 1309.5 |
      Ice Cave |   1933 |   1933 |      0 |    895 |     31 |   1 | 1933.0 |
               +--------+--------+--------+--------+--------+-----+--------+

Top non-repeatable levels by time:
  Lair:5: 3519 daAuts
 Snake:4: 3502 daAuts
     D:9: 2348 daAuts
Shoals:3: 2223 daAuts
   Orc:2: 2185 daAuts
 Snake:3: 2089 daAuts
Shoals:2: 1996 daAuts
Shoals:4: 1966 daAuts
   IceCv: 1933 daAuts
    D:12: 1581 daAuts
  Lair:2: 1508 daAuts
Shoals:1: 1429 daAuts
  Lair:1: 1394 daAuts
    D:10: 1364 daAuts
  Lair:4: 1303 daAuts
